 Dungeon Crawl Stone Soup version 0.28-b1-70-g80dc712255 (webtiles) character file.

Game seed: 15179692148591613478

42 krispywithak the Skirmisher (level 3, 0/34 HPs)
             Began as a Minotaur Berserker on Feb 4, 2022.
             Was a Follower of Makhleb.
             Succumbed to an adder's poison
             ... on level 2 of the Dungeon.
             The game lasted 00:06:43 (3911 turns).

krispywithak the Skirmisher (Minotaur Berserker)    Turns: 3911, Time: 00:06:44

Health: 0/34       AC:  6    Str: 23    XL:     3   Next: 35%
Magic:  2/2        EV:  7    Int:  4    God:    Makhleb [*.....]
Gold:   75         SH:  0    Dex:  9    Spells: 2/2 levels left

rFire   . . .      SeeInvis .   a - +0 mace
rCold   . . .      Faith    .   (no shield)
rNeg    . . .      Spirit   .   d - +0 scale mail
rPois   .          Reflect  .   (helmet restricted)
rElec   .          Harm     .   (no cloak)
rCorr   .          Rampage  .   (no gloves)
Will    .....                   (no boots)
Stlth   ..........              (no amulet)
HPRegen 0.11/turn               (no ring)
MPRegen 0.08/turn               (no ring)

@: lethally poisoned (0 -> -3), constricted
A: horns 2, retaliatory headbutt
a: Renounce Religion


You were on level 2 of the Dungeon.
You worshipped Makhleb.
Makhleb was aware of your devotion.
You visited 1 branch of the dungeon, and saw 2 of its levels.

You collected 75 gold pieces.

Inventory:

Hand Weapons
 a - a +0 mace (weapon)
Missiles
 c - 27 stones (quivered)
 h - 3 curare-tipped darts
 k - 6 poisoned darts
 l - 20 bolts
 p - 18 sling bullets
Armour
 b - a +0 animal skin
 d - a +0 scale mail (worn)
Scrolls
 f - a scroll of identify {unknown}
 g - a scroll of enchant weapon {unknown}
 j - a scroll of enchant armour {unknown}
Potions
 e - a potion of mutation {unknown}
 i - a potion of lignification {unknown}
 m - a potion of resistance {unknown}
 n - a potion of degeneration {unknown}
 o - a potion of curing {unknown}


   Skills:
 + Level 4.3 Fighting
 + Level 4.2 Maces & Flails
 + Level 2.8 Armour
 + Level 2.6 Dodging


You had 2 spell levels left.
You didn't know any spells.
Your spell library contained the following spells:

 Spells                   Type           Power      Damage    Failure   Level
 Ozocubu's Armour         Ice            0%         N/A       99%         3
 Metabolic Englaciation   Hex/Ice        0%         N/A       100%        5
 Simulacrum               Ice/Necr       0%         N/A       100%        6


Dungeon Overview and Level Annotations

Branches:
Dungeon (2/15)

Altars:
Makhleb


Innate Abilities, Weirdness & Mutations

You have a pair of horns on your head.
You reflexively headbutt those who attack you in melee.


Message History

The adder is moderately wounded.
The adder bites you. The adder bites you but does no damage.
The ball python bites you but does no damage.
The ball python constricts you.
The jackal bites you but does no damage.
The adder completely misses you. The adder bites you.
The ball python bites you. The ball python constricts you.
You barely miss the adder. Your headbutt misses the adder.
The adder is moderately wounded.
The jackal barely misses you. The adder bites you. x2
* * * LOW HITPOINT WARNING * * *
You are poisoned.
The adder poisons you! The ball python barely misses you.
The ball python constricts you. The jackal closely misses you.
You furiously retaliate!
You headbutt the jackal!
You kill the jackal!
Makhleb accepts your kill.
You miss the adder.
The adder is moderately wounded.
You feel sick.
The adder bites you but does no damage. x2
The ball python barely misses you. The ball python constricts you.
* * * LOW HITPOINT WARNING * * *
The ball python bites you but does no damage.
The adder bites you but does no damage. x2
You hit the adder.
The adder is severely wounded.
You feel sick.
The ball python bites you but does no damage.
The ball python constricts you. The ball python bites you.
* * * LOW HITPOINT WARNING * * *
The adder bites you but does no damage. The adder bites you.
* * * LOW HITPOINT WARNING * * *
The ball python bites you but does no damage.
The ball python constricts you.
* * * LOW HITPOINT WARNING * * *
The ball python bites you but does no damage.
You sock the adder!
You kill the adder!
Makhleb accepts your kill.
You die...

..........##
.......$...
..........##
...........
..........
......hh.
.....gSS# #S@##
##..### #....#
#.##...# #.#
##.#
######.####.###
#.............#
#..........##.
#<.........#


You could see an adder, 2 jackals, a hobgoblin and 2 ball pythons.

Vanquished Creatures
  An adder (D:2)
  5 ball pythons (D:1)
  4 bats
  5 endoplasms (D:1)
  A giant cockroach (D:1)
  2 goblins (D:1)
  4 hobgoblins (D:1)
  3 jackals
  3 kobolds (D:1)
  3 quokkas (D:1)
  6 rats (D:1)
37 creatures vanquished.

Notes
Turn   | Place    | Note
-------+----------+-------------------------------------------
     0 | D:1      | krispywithak the Minotaur Berserker began the quest for the
                  | Orb.
     0 | D:1      | Reached XP level 1. HP: 19/19 MP: 0/0
  1085 | D:1      | Reached * piety under Trog
  1697 | D:1      | Reached XP level 2. HP: 27/27 MP: 1/1
  3420 | D:1      | Reached XP level 3. HP: 32/33 MP: 2/2
  3792 | D:1      | Found a faded altar of an unknown god.
  3803 | D:1      | Prayed at the altar of an unknown god.
  3803 | D:1      | Fell from the grace of Trog
  3803 | D:1      | Became a worshipper of Makhleb the Destroyer
  3803 | D:1      | Reached * piety under Makhleb
  3910 | D:2      | HP: 1/34 [constriction (1)]
  3911 | D:2      | Succumbed to an adder's poison

Illustrated notes

Levels and vault maps discovered:
D:1:      nicolae_arrival_memento_mori, layout_basic,
          hellmonk_ecumenical_altar_leap_of_faith, minmay_pentomino_p4
D:2:      layout_rooms, kennysheep_generic_room_2

Skill      XL: |  1  2 |
---------------+-------+-----
Fighting       | 4 |  4.3
Maces & Flails | 4 |  4.2
Armour         | |  2.8
Dodging        | |  2.6

Action                   || total
-------------------------++-------
Melee: Mace              ||    56
       Headbutt          ||     6
       Punch             ||     1
Throw: Stone             ||     1
Invok: Berserk           ||     6
Armor: Animal skin       ||     4
       Scale mail        ||    29
Dodge: Dodged            ||    62
